 Dungeon Crawl Stone Soup version 0.24.0-1-gfbc8707 (webtiles) character file.

Game seed: 5468760845265510611, levelgen mode: deterministic

20883 bonscott the Thaumaturge (level 12, 0/94 HPs)
             Began as a Gnoll Warper on Nov 4, 2019.
             Was a High Priest of Cheibriados.
             Slain by a freezing wraith (14 damage)
             ... led by a death knight
             ... on level 13 of the Dungeon.
             The game lasted 01:26:55 (16125 turns).

bonscott the Thaumaturge (Gnoll Warper)            Turns: 16125, Time: 01:26:55

Health: 0/94       AC: 17    Str: 29    XL:     12   Next: 84%
Magic:  25/25      EV: 20    Int: 34    God:    Cheibriados [*****.]
Gold:   243        SH: 13    Dex: 27    Spells: 3/29 levels left

rFire    . . .     SeeInvis +   Q - +8 arc blade {discharge, rElec}
rCold    . . .     Gourm    .   k - +1 buckler
rNeg     + + .     Faith    .   h - +4 ring mail of Supple Strength {MR+}
rPois    +         Spirit   .   (no helmet)
rElec    +         Reflect  +   Z - +2 cloak
rCorr    .         Harm     .   y - +0 pair of gloves
MR       ++...                  T - +1 pair of boots
Stlth    ++++......             n - amulet of Tyoxy {Reflect Int+5 Slay+3 SH+4}
HPRegen  0.25/turn              W - ring "Papieg" {Wiz rPois rN++ MR+ SInv}
MPRegen  0.19/turn              R - ring of wizardry

@: very slow
A: distributed training, fangs 1, strong nose
a: Bend Time, Temporal Distortion, Slouch, Step From Time, Renounce Religion


You were on level 13 of the Dungeon.
You worshipped Cheibriados.
Cheibriados was extremely pleased with you.
You were not hungry.

You visited 2 branches of the dungeon, and saw 14 of its levels.
You also visited: Sewer.

You collected 928 gold pieces.
You spent 685 gold pieces at shops.

Inventory:

Hand Weapons
 b - a +5 hand axe of electrocution
 c - a cursed -3 war axe
 E - the +5 dagger "Oroadiz" {vamp, rN+ Str+6 Int-3 Dex-3, unknown}
   (You found it on level 13 of the Dungeon)

   It inflicts no extra harm, but heals its wielder when it wounds a living foe.
   It affects your strength (+6).
   It affects your intelligence (-3).
   It affects your dexterity (-3).
   It protects you from negative energy.
 J - the +11 war axe "Ogefam" {pain, rN+ Str+2 Int-2}
   (You took it off an orc on level 11 of the Dungeon)

   In the hands of one skilled in necromantic magic, it inflicts extra damage on
   living creatures.
   It affects your strength (+2).
   It affects your intelligence (-2).
   It protects you from negative energy.
 Q - the +8 arc blade (weapon) {discharge, rElec}
   (You found it on level 12 of the Dungeon)

   It insulates you from electricity.
Missiles
 e - 3 boomerangs of dispersal
 o - 105 bolts
 s - 548 stones (quivered)
 F - 118 sling bullets
 G - 61 poisoned darts
 X - 4 javelins
 Y - 2 boomerangs
Armour
 h - the +4 ring mail of Supple Strength (worn) {MR+}
   (You found it on level 11 of the Dungeon)

   It affects your resistance to hostile enchantments.
 k - a +1 buckler (worn)
 t - +0 storm dragon scales
 y - a +0 pair of gloves (worn)
 T - a +1 pair of boots (worn)
 Z - a +2 cloak (worn)
Jewellery
 n - the amulet of Tyoxy (around neck) {Reflect Int+5 Slay+3 SH+4}
   (You bought it in a shop on level 9 of the Dungeon)

   [amulet of reflection]

   It shields you and reflects attacks.
   It affects your intelligence (+5).
   It affects your accuracy and damage with ranged weapons and melee attacks
   (+3).
   It affects your SH (+4).
 z - an uncursed amulet of guardian spirit
 R - a ring of wizardry (right hand)
 W - the ring "Papieg" (left hand) {Wiz rPois rN++ MR+ SInv}
   (You found it on level 7 of the Dungeon)

   [ring of wizardry]

   It improves your spell success rate.
   It protects you from poison.
   It greatly protects you from negative energy.
   It affects your resistance to hostile enchantments.
   It lets you see invisible.
Wands
 m - a wand of paralysis (10)
 C - a wand of flame (16)
 K - a wand of digging (4)
 O - a wand of enslavement (11)
 U - a wand of clouds (1)
Scrolls
 d - 3 scrolls of blinking
 i - 10 scrolls of teleportation
 j - 2 scrolls of immolation
 q - 2 scrolls of fog
 r - 11 scrolls of remove curse
 w - 2 scrolls of enchant armour
 H - 3 scrolls of identify
 I - 4 scrolls of enchant weapon
 N - a scroll of fear
Potions
 a - a potion of agility {unknown}
 g - a potion of flight
 l - a potion of might {unknown}
 p - 5 potions of lignification
 x - a potion of invisibility {unknown}
 A - 2 potions of brilliance
 D - 2 potions of resistance
 L - 9 potions of curing
 M - 5 potions of magic
Comestibles
 f - 26 rations
 u - 3 chunks of flesh


   Skills:
 + Level 8.9 Fighting
 + Level 7.5 Short Blades
 + Level 8.9 Long Blades
 + Level 7.5 Axes
 + Level 7.5 Maces & Flails
 + Level 7.5 Polearms
 + Level 7.5 Staves
 + Level 7.5 Slings
 + Level 7.5 Bows
 + Level 7.5 Crossbows
 + Level 8.0 Throwing
 + Level 8.0 Armour
 + Level 8.9 Dodging
 + Level 7.5 Stealth
 + Level 7.5 Shields
 + Level 7.5 Unarmed Combat
 + Level 9.1 Spellcasting
 + Level 6.2 Conjurations
 + Level 6.2 Hexes
 + Level 6.2 Charms
 + Level 6.2 Summonings
 + Level 6.2 Necromancy
 + Level 8.4 Translocations
 + Level 6.2 Transmutations
 + Level 6.2 Fire Magic
 + Level 6.2 Ice Magic
 + Level 6.2 Air Magic
 + Level 6.2 Earth Magic
 + Level 6.2 Poison Magic
 + Level 8.2 Invocations
 + Level 7.5 Evocations


You had 3 spell levels left.
You knew the following spells:

 Your Spells              Type           Power        Failure   Level  Hunger
a - Mephitic Cloud        Conj/Pois/Air  ######..     1%          3    None
b - Blink                 Tloc           N/A          1%          2    None
f - Force Lance           Conj/Tloc      ######..     1%          4    None
g - Gell's Gravitas       Tloc           ######....   1%          3    None
l - Lesser Beckoning      Tloc           ######....   1%          3    None
r - Olgreb's Toxic Radia  Pois           ######..     1%          4    None
t - Teleport Other        Tloc           ######..     1%          3    None
v - Poisonous Vapours     Pois/Air       ######       1%          2    None
G - Shroud of Golubria    Chrm/Tloc      ######       1%          2    None

Your spell library contained the following spells:

 Spells                   Type           Power        Failure   Level  Hunger
 Magic Dart               Conj           ####         1%          1    None
 Shock                    Conj/Air       ####         1%          1    None
 Sting                    Conj/Pois      ####         1%          1    None
 Searing Ray              Conj           ######       1%          2    None
 Swiftness                Chrm/Air       ######..     1%          2    None
 Dazzling Spray           Conj/Hex       ######       1%          3    None
 Static Discharge         Conj/Air       ######..     1%          3    None
 Airstrike                Air            ######....   1%          4    None
 Fulminant Prism          Conj/Hex       ######....   1%          4    None
 Iskenderun's Mystic Bla  Conj           ######..     1%          4    None
 Passage of Golubria      Tloc           N/A          1%          4    None
 Lightning Bolt           Conj/Air       ######....   2%          5    ###....
 Venom Bolt               Conj/Pois      ######....   2%          5    ###....


Dungeon Overview and Level Annotations

Branches:
Dungeon (13/15)            Temple (1/1) D:5            Lair (0/6) D:9
    Orc (0/2) D:11          Sewer (visited)
 Vaults: D:13-14

Altars:
Ashenzari
Cheibriados
Dithmenos
Fedhas
Gozag
Hepliaklqana
Kikubaaqudgha
Makhleb
Nemelex Xobeh
Okawaru
Qazlal
Sif Muna
Trog
Uskayaw
Vehumet
Wu Jian
Xom
Yredelemnul
Zin
The Shining One

Shops:
D:5 %   D:9 =

Annotations:
D:10 2 runed translucent doors, edsrzf's ghost, novice OpHu


Innate Abilities, Weirdness & Mutations

Your experience applies equally to all skills.
You have very sharp teeth.
Your uncanny sense of smell can sniff out nearby items.


Message History

Cheibriados thoroughly appreciates the change of pace.
Your damage is reflected back at you!
* * * LOW HITPOINT WARNING * * *
Unknown command.
You start resting.
The freezing wraith is too close now for your liking.
Casting: Gell's Gravitas (safe; 1% risk of failure)
Confirm with . or Enter, or press ? or * to list all spells.
You can't see any susceptible monsters within range! (Use Z to cast anyway.)
Casting: Gell's Gravitas (safe; 1% risk of failure)
Confirm with . or Enter, or press ? or * to list all spells.
You can't see any susceptible monsters within range! (Use Z to cast anyway.)
You barely miss the freezing wraith. You block the freezing wraith's attack.
The freezing wraith closely misses you.
You puncture the freezing wraith!
The freezing wraith is lightly damaged.
The freezing wraith hits you.
* * * LOW HITPOINT WARNING * * *
The freezing wraith freezes you!
You die...

........
........
........
###############
########
..............(
........
............(((
.......†
..........(°☼..
........
........)○○○...
........
.......@W§§§...
........
......[))§§☼§..
........
............§.>
........
...............
........
###############
#######


You could see a freezing wraith.

Vanquished Creatures
  Erolcha (D:11)
  Erica (D:11)
  2 death knights
  2 two-headed ogres (D:12)
  A shock serpent (D:12)
  An unseen horror (D:11)
  A deep elf mage (D:10)
  Maurice (D:13)
  2 kobold demonologists (D:13)
  2 gargoyles (D:11)
  3 trolls
  6 raiju (D:12)
  3 hippogriffs
  A spriggan (D:11)
  A wyvern (D:10)
  4 yaks (D:9)
  4 hungry ghosts
  A two-headed ogre zombie (D:11)
  A water moccasin (D:12)
  9 orc warriors
  4 ice beasts
  2 sky beasts
  A black bear (D:12)
  6 centaurs
  12 ogres
  3 phantoms
  A crocodile (D:13)
  Blork the orc (D:8)
  4 big kobolds
  9 bullfrogs
  A water moccasin zombie (D:12)
  A wyvern skeleton (D:10)
  A water moccasin skeleton (D:8)
  4 scorpions
  18 killer bees
  2 troll zombies (D:11)
  24 wights
  An electric eel (D:6)
  5 howler monkeys
  8 crimson imps
  A bullfrog zombie (D:9)
  A centaur zombie (D:7)
  4 jellies
  16 orc priests
  Crazy Yiuf (D:3)
  14 hounds
  7 orc wizards
  2 bullfrog skeletons
  A gnoll shaman (D:9)
  Jessica (D:2)
  5 centaur skeletons
  4 iguanas
  Terence (D:3)
  Natasha (thrice) (D:2)
  8 worker ants
  5 ogre zombies (D:11)
  2 worker ant zombies
  11 gnolls
  19 adders
  4 river rats (Sewer)
  A shadow imp (D:9)
  3 oozes
  An adder skeleton (D:9)
  A worm (D:4)
  2 dart slugs
  3 leopard geckos
  40 orcs
  11 ball pythons
  2 bats
  4 giant cockroaches
  9 goblins
  3 hobgoblins (D:1)
  10 jackals
  2 quokkas
  5 frilled lizards
  3 goblin skeletons
  2 goblin zombies
  A hobgoblin skeleton (D:11)
  6 hobgoblin zombies
  9 kobolds
  6 orc skeletons
  15 orc zombies (D:11)
  A quokka zombie (D:4)
  29 rats
434 creatures vanquished.

Vanquished Creatures (others)
  An adder (D:6)
  An orc (D:6)
2 creatures vanquished.

Grand Total: 436 creatures vanquished

Notes
Turn   | Place    | Note
-------+----------+-------------------------------------------
     0 | D:1      | bonscott the Gnoll Warper began the quest for the Orb.
     0 | D:1      | Reached XP level 1. HP: 20/20 MP: 6/6
   233 | D:1      | Reached XP level 2. HP: 26/26 MP: 7/7
   470 | D:1      | Learned a level 2 spell: Blink
   473 | D:1      | Learned a level 2 spell: Shroud of Golubria
   847 | D:1      | Reached XP level 3. HP: 31/31 MP: 9/9
  1201 | D:2      | Reached skill level 5 in Spellcasting
  1247 | D:2      | Noticed Natasha
  1266 | D:2      | Killed Natasha
  1266 | D:2      | Reached skill level 1 in Invocations
  1613 | D:2      | Noticed Natasha
  1641 | D:2      | Killed Natasha
  1641 | D:2      | Reached skill level 1 in Short Blades
  1641 | D:2      | Reached skill level 1 in Axes
  1641 | D:2      | Reached skill level 1 in Maces & Flails
  1641 | D:2      | Reached skill level 1 in Polearms
  1641 | D:2      | Reached skill level 1 in Staves
  1641 | D:2      | Reached skill level 1 in Slings
  1641 | D:2      | Reached skill level 1 in Bows
  1641 | D:2      | Reached skill level 1 in Crossbows
  1641 | D:2      | Reached skill level 1 in Stealth
  1641 | D:2      | Reached skill level 1 in Shields
  1641 | D:2      | Reached skill level 1 in Unarmed Combat
  1641 | D:2      | Reached skill level 1 in Evocations
  1641 | D:2      | Reached XP level 4. HP: 24/38 MP: 9/11
  2028 | D:2      | Noticed Natasha
  2049 | D:2      | Killed Natasha
  2049 | D:2      | Reached skill level 1 in Conjurations
  2049 | D:2      | Reached skill level 1 in Hexes
  2049 | D:2      | Reached skill level 1 in Charms
  2049 | D:2      | Reached skill level 1 in Summonings
  2049 | D:2      | Reached skill level 1 in Necromancy
  2049 | D:2      | Reached skill level 1 in Transmutations
  2049 | D:2      | Reached skill level 1 in Fire Magic
  2049 | D:2      | Reached skill level 1 in Ice Magic
  2049 | D:2      | Reached skill level 1 in Air Magic
  2049 | D:2      | Reached skill level 1 in Earth Magic
  2049 | D:2      | Reached skill level 1 in Poison Magic
  2259 | D:2      | Reached XP level 5. HP: 42/43 MP: 12/12
  2273 | D:2      | Noticed Jessica
  2291 | D:2      | Killed Jessica
  2549 | D:2      | Learned a level 3 spell: Gell's Gravitas
  2553 | D:2      | Learned a level 3 spell: Lesser Beckoning
  2557 | D:2      | Learned a level 3 spell: Teleport Other
  3114 | D:3      | Found a runed translucent door.
  3115 | D:3      | Noticed Crazy Yiuf
  3146 | D:3      | Killed Crazy Yiuf
  3446 | D:3      | Noticed Terence
  3467 | D:3      | Killed Terence
  3657 | D:3      | Found an opulent altar of Gozag.
  4039 | D:4      | Reached XP level 6. HP: 47/50 MP: 13/13
  4266 | D:4      | Reached skill level 5 in Fighting
  4266 | D:4      | Reached skill level 5 in Long Blades
  4266 | D:4      | Reached skill level 5 in Dodging
  4614 | D:4      | Found a glowing drain.
  4640 | Sewer    | Entered a sewer
  4813 | Sewer    | Reached XP level 7. HP: 56/56 MP: 12/15
  5817 | D:5      | Entered Level 5 of the Dungeon
  5829 | D:5      | Learned a level 2 spell: Poisonous Vapours
  5877 | D:5      | Found an ornate altar of the Wu Jian Council.
  6228 | D:5      | Reached XP level 8. HP: 58/63 MP: 13/16
  6426 | D:5      | Found Bolisir's Food Shoppe.
  6582 | D:5      | Found a radiant altar of Vehumet.
  6602 | D:5      | Found a staircase to the Ecumenical Temple.
  6781 | D:6      | Reached skill level 6 in Spellcasting
  7510 | D:6      | Reached XP level 9. HP: 69/69 MP: 14/18
  7547 | D:6      | Found a white marble altar of Elyvilon.
  7549 | D:6      | Found a shimmering blue altar of Sif Muna.
  7549 | D:6      | Found a shimmering altar of Xom.
  7551 | D:6      | Found an opulent altar of Gozag.
  7551 | D:6      | Found a basalt altar of Yredelemnul.
  7551 | D:6      | Found a hazy altar of Hepliaklqana.
  7620 | D:6      | Found a glowing silver altar of Zin.
  8224 | D:6      | Reached skill level 5 in Throwing
  8224 | D:6      | Reached skill level 5 in Armour
  8525 | D:7      | Reached skill level 5 in Invocations
  8696 | D:7      | Found a glowing golden altar of the Shining One.
  8894 | D:7      | Reached XP level 10. HP: 77/77 MP: 20/20
  9174 | D:7      | Reached skill level 7 in Spellcasting
  9183 | D:7      | Got a pitted bone ring
  9637 | D:7      | Identified the ring "Papieg" {Wiz rPois rN++ MR+ SInv} (You
                  | found it on level 7 of the Dungeon)
  9988 | D:8      | Reached skill level 5 in Short Blades
  9988 | D:8      | Reached skill level 5 in Axes
  9988 | D:8      | Reached skill level 5 in Maces & Flails
  9988 | D:8      | Reached skill level 5 in Polearms
  9988 | D:8      | Reached skill level 5 in Staves
  9988 | D:8      | Reached skill level 5 in Slings
  9988 | D:8      | Reached skill level 5 in Bows
  9988 | D:8      | Reached skill level 5 in Crossbows
  9988 | D:8      | Reached skill level 5 in Stealth
  9988 | D:8      | Reached skill level 5 in Shields
  9988 | D:8      | Reached skill level 5 in Unarmed Combat
  9988 | D:8      | Reached skill level 5 in Evocations
 10650 | D:8      | Found an ancient bone altar of Kikubaaqudgha.
 10747 | D:8      | Noticed Blork the orc
 10760 | D:8      | Killed Blork the orc
 10771 | D:8      | Found a shimmering blue altar of Sif Muna.
 10925 | D:8      | Learned a level 4 spell: Force Lance
 11545 | D:9      | Found a shadowy altar of Dithmenos.
 11628 | D:9      | Found a staircase to the Lair.
 11669 | D:9      | Found Boyry's Jewellery Boutique.
 12072 | D:10     | Entered Level 10 of the Dungeon
 12105 | D:10     | Reached XP level 11. HP: 83/84 MP: 16/22
 12333 | D:10     | Found a runed translucent door.
 12333 | D:10     | Noticed a skeletal warrior
 12333 | D:10     | Noticed a skeletal warrior
 12333 | D:10     | Noticed a wolf spider
 12560 | Temple   | Entered the Ecumenical Temple
 12712 | Temple   | Became a worshipper of Cheibriados the Contemplative
 12916 | D:10     | Noticed a deep elf mage
 12921 | D:10     | Killed a deep elf mage
 12949 | D:10     | Found a runed translucent door.
 12949 | D:10     | Noticed an ice dragon
 12950 | D:10     | Noticed a necromancer
 12952 | D:10     | Noticed a lich
 12953 | D:10     | Noticed edsrzf's ghost (novice OpHu)
 12954 | D:10     | Noticed a skeletal warrior
 13030 | D:10     | Reached skill level 5 in Conjurations
 13030 | D:10     | Reached skill level 5 in Hexes
 13030 | D:10     | Reached skill level 5 in Charms
 13030 | D:10     | Reached skill level 5 in Summonings
 13030 | D:10     | Reached skill level 5 in Necromancy
 13030 | D:10     | Reached skill level 5 in Transmutations
 13030 | D:10     | Reached skill level 5 in Fire Magic
 13030 | D:10     | Reached skill level 5 in Ice Magic
 13030 | D:10     | Reached skill level 5 in Air Magic
 13030 | D:10     | Reached skill level 5 in Earth Magic
 13030 | D:10     | Reached skill level 5 in Poison Magic
 13046 | D:10     | Reached * piety under Cheibriados
 13360 | D:10     | Learned a level 4 spell: Olgreb's Toxic Radiance
 13391 | D:11     | Reached skill level 8 in Spellcasting
 13574 | D:11     | Noticed Erolcha
 13591 | D:11     | Killed Erolcha
 13716 | D:11     | Reached ** piety under Cheibriados
 13721 | D:11     | Noticed an unseen horror
 13742 | D:11     | Killed an unseen horror
 13801 | D:11     | Identified the +11 war axe "Ogefam" {pain, rN+ Str+2 Int-2}
 13829 | D:11     | Identified the +4 ring mail of Supple Strength {MR+} (You
                  | found it on level 11 of the Dungeon)
 13987 | D:11     | Noticed Erica
 14008 | D:11     | Reached *** piety under Cheibriados
 14019 | D:11     | Killed Erica
 14085 | D:11     | Found a staircase to the Orcish Mines.
 14248 | D:9      | Bought the amulet of Tyoxy {Reflect Int+5 Slay+3 SH+4} for
                  | 685 gold pieces
 14385 | D:12     | Reached XP level 12. HP: 93/93 MP: 24/24
 14430 | D:12     | Noticed a two-headed ogre
 14434 | D:12     | Killed a two-headed ogre
 14436 | D:12     | Noticed a death knight
 14451 | D:12     | Killed a death knight
 14451 | D:12     | Reached **** piety under Cheibriados
 15019 | D:12     | Learned a level 3 spell: Mephitic Cloud
 15073 | D:12     | Noticed a shock serpent
 15113 | D:12     | Found the +8 arc blade {discharge, rElec}
 15141 | D:12     | Killed a shock serpent
 15397 | D:12     | Reached ***** piety under Cheibriados
 15582 | D:12     | Noticed a two-headed ogre
 15593 | D:12     | Killed a two-headed ogre
 15857 | D:13     | Got an ancient dagger
 15862 | D:13     | Reached skill level 9 in Spellcasting
 15926 | D:13     | Noticed Maurice
 15953 | D:13     | Killed Maurice
 15988 | D:13     | Noticed a sun demon
 16031 | D:13     | Noticed a death knight
 16032 | D:13     | Noticed a centaur warrior
 16109 | D:13     | Killed a death knight
 16125 | D:13     | Slain by a freezing wraith

Levels and vault maps discovered:
D:1:      elethiomel_arrival_infinity_welcomes_careful_drivers,
          layout_loops_corners
D:2:      layout_basic, minmay_strange_pillars, kennysheep_generic_room_16,
          uniq_jessica, uniq_natasha
D:3:      layout_loops_corners, old_standard_altar, uniq_terence,
          uniq_crazy_yiuf_cottage
D:4:      layout_cave_pods, portal_sewer_entry_d
D:5:      layout_cave_pools, kennysheep_mini, lemuel_round_altar, temple_hall,
          first_ration, serial_shops, shop, minivault_27
D:6:      layout_gridville, doesnt_xom_only_xom, lemuel_doored_altar,
          enter_ossuary_5, serial_bayou_pond_b, minmay_misc_feat_secret_circle
D:7:      layout_layer_cave, nicolae_tso_besieged_by_evil
D:8:      kennysheep_blocky_hall, layout_gridville, kiku_gazebo_garden_becter,
          tgw_sif
D:9:      layout_stronghold, grunt_dithmenos_shadows, lair_entry_dummy,
          serial_shops, shop
D:10:     layout_roguey, muffindrake_ghost_dual_entry
D:11:     layout_roguey, zombieorc2_lemuel, the_bakery, uniq_erolcha, uniq_erica
D:12:     minmay_shoctagon, layout_loops_ring, minmay_misc_feat_iff
D:13:     minmay_gate_of_8, layout_grid_maze, david_vaults_4, basic_altar,
          uniq_maurice
Temple:   nicolae_temple_figure_eight

Skill      XL: |  1  2  3  4  5  6  7  8  9 10 11 12 |
---------------+-------------------------------------+-----
Spellcasting   | 5 6 7 8 9 |  9.1
Invocations    | 1 2 3 4 5 6 7 8 |  8.2
Short Blades   | 1 2 3 4 5 6 7 |  7.5
Axes           | 1 2 3 4 5 6 7 |  7.5
Maces & Flails | 1 2 3 4 5 6 7 |  7.5
Polearms       | 1 2 3 4 5 6 7 |  7.5
Staves         | 1 2 3 4 5 6 7 |  7.5
Slings         | 1 2 3 4 5 6 7 |  7.5
Bows           | 1 2 3 4 5 6 7 |  7.5
Crossbows      | 1 2 3 4 5 6 7 |  7.5
Stealth        | 1 2 3 4 5 6 7 |  7.5
Shields        | 1 2 3 4 5 6 7 |  7.5
Unarmed Combat | 1 2 3 4 5 6 7 |  7.5
Evocations     | 1 2 3 4 5 6 7 |  7.5
Conjurations   | 1 2 3 4 5 6 |  6.2
Hexes          | 1 2 3 4 5 6 |  6.2
Charms         | 1 2 3 4 5 6 |  6.2
Summonings     | 1 2 3 4 5 6 |  6.2
Necromancy     | 1 2 3 4 5 6 |  6.2
Transmutations | 1 2 3 4 5 6 |  6.2
Fire Magic     | 1 2 3 4 5 6 |  6.2
Ice Magic      | 1 2 3 4 5 6 |  6.2
Air Magic      | 1 2 3 4 5 6 |  6.2
Earth Magic    | 1 2 3 4 5 6 |  6.2
Poison Magic   | 1 2 3 4 5 6 |  6.2
Throwing       | 3 4 5 6 7 8 |  8.0
Armour         | 3 4 5 6 7 8 |  8.0
Fighting       | 5 6 7 8 |  8.9
Long Blades    | 5 6 7 8 |  8.9
Dodging        | 5 6 7 8 |  8.9
Translocations | 6 7 8 |  8.4

Action                   |  1- 3 |  4- 6 |  7- 9 | 10-12 || total
-------------------------+-------+-------+-------+-------++-------
Melee: Falchion          |    66 |   200 |   145 |       ||   411
       Bite              |    12 |    31 |    35 |    74 ||   152
       Dagger            |    15 |       |       |       ||    15
       Hand axe          |       |       |   177 |   294 ||   471
       War axe           |       |       |       |   158 ||   158
       Rapier            |       |       |       |    66 ||    66
 Fire: Hunting sling     |       |    23 |     6 |       ||    29
Throw: Stone             |       |    15 |    46 |    69 ||   130
       Boomerang         |       |     2 |       |    27 ||    29
       Dart              |       |     8 |    40 |    60 ||   108
       Throwing net      |       |       |     1 |     1 ||     2
 Cast: Shroud of Golubri |     2 |    12 |    18 |    15 ||    47
       Blink             |       |     2 |     3 |       ||     5
       Gell's Gravitas   |       |     3 |    23 |    64 ||    90
       Poisonous Vapours |       |       |     4 |       ||     4
       Lesser Beckoning  |       |       |     3 |     1 ||     4
Evoke: Wand              |       |       |     4 |    11 ||    15
  Use: Potion            |     2 |       |     1 |     5 ||     8
       Scroll            |     1 |     4 |     6 |    15 ||    26
 Stab: Sleeping          |       |     3 |     2 |     9 ||    14
  Eat: Chunk             |     2 |    11 |    15 |    21 ||    49
Armor: Leather armour    |    11 |    47 |    90 |    14 ||   162
       Ring mail         |       |       |       |    93 ||    93
Dodge: Dodged            |    59 |   124 |   223 |   251 ||   657
Block: Buckler           |       |    38 |   120 |   268 ||   426
       Reflection        |       |       |       |    12 ||    12
       Rpst.: Falchion   |    18 |    41 |    43 |       ||   102
